 Zot Defence DCSS version 0.12.3 (webtiles) character file.

3287 Adamkad1 the Pacifier (level 9, -7/73 HPs)
             Began as a Deep Dwarf Healer on Jan 8, 2019.
             Was a Priest of Elyvilon.
             Mangled by a blink frog (18 damage)
             ... in the Realm of Zot (Scenario IV: Columnade).
             The game lasted 00:09:46 (1057 turns).

Adamkad1 the Pacifier (Deep Dwarf Healer)           Turns: 1057, Time: 00:09:46

HP  -7/73        AC  3     Str 16      XL: 9   Next: 64%
MP   1/26        EV 12     Int 16      God: Elyvilon [***...]
Gold 100         SH  0     Dex 12      Spells:  0 memorised,  8 levels left

Res.Fire  : . . .   See Invis. : .   (no weapon)
Res.Cold  : . . .   Warding    : .   a - +1 robe
Life Prot.: . . .   Conserve   : .   (no shield)
Res.Poison: .       Res.Corr.  : .   (no helmet)
Res.Elec. : .       Clarity    : .   (no cloak)
Sust.Abil.: . .     Spirit.Shd : .   (no gloves)
Res.Mut.  : .       Stasis     : .   (no boots)
Res.Rott. : .       Ctrl.Telep.: +   (no amulet)
Saprovore : . . .   Flight     : .   (no ring)
                                     (no ring)

@: non-regenerating, somewhat resistant to hostile enchantments, unstealthy
A: damage resistance, recharge devices, sense surroundings 2, slow healing 3,
teleport control
a: Make dart trap, Make oklob sapling, Make arrow trap, Make plant, Remove
Curse, Make burning bush, Make altar, Make grenades, Make oklob plant, Make net
trap, Make ice statue, Device Recharging, Lesser Healing, Lesser Self-Healing,
Divine Protection, Purification, Greater Healing, Greater Self-Healing, Renounce
Religion


You were in the Realm of Zot.
You worshipped Elyvilon.
Elyvilon was greatly pleased with you.
You were not hungry.

You visited 1 branch

Inventory:

Armour
 a - a +1 robe (worn)
Magical devices
 d - a wand of heal wounds (1)
Comestibles
 f - 2 bread rations
Scrolls
 i - a scroll of blinking
Potions
 b - 4 potions of curing
 c - a potion of heal wounds
 e - a potion of speed
 h - a potion of berserk rage


   Skills:
 - Level 1.7 Fighting
 - Level 2.1 Dodging
 - Level 2.1 Traps
 * Level 16.0 Invocations
 + Level 1.5 Evocations


You had 8 spell levels left.
You didn't know any spells.

Dungeon Overview and Level Annotations

Branches:
    Zot (1/1)

Altars:


Innate Abilities, Weirdness & Mutations

You are resistant to damage.
You can recharge devices by infusing magical energy.
You passively map the area around you.
You do not heal naturally.
You can control translocations.


Message History

Use which ability? (? or * to list)
Press: ? - help, Dir - move target cursor, f - blink frog, p - blink frog Heal: a blink frog (heavily wounded) Elyvilon approves of your offer of peace.
The blink frog turns neutral.
Your Invocations skill increases to level 16!
You heal the blink frog.
The blink frog is lightly wounded.
The blink frog closely misses you.
The spiny frog stings the giant frog.
The giant frog is poisoned.
The spiny frog poisons the giant frog!
The giant frog closely misses the spiny frog.
The giant frog hits the spiny frog but does no damage.
Use which ability? (? or * to list)
You haven't enough magic at the moment.
Unknown command.
Unknown command.
The blink frog hits you!
* * * LOW HITPOINT WARNING * * *
The blink frog hits you!
You die...

######### ##### ##..PP...##
##### #=∆∆# ##....%....## #/=/#
#∆/:## #...........# ##}[∆#
##########.%...@%....##########
##...^P%...%F..F).(^...##
#...^FFFF......%)P^...#
#..%####.......####%..#
##...####..)%.####...##
##...####...####...##
##...#########...## ##...##
##...## ##...## ##...##


You could see a giant frog, neutral 2 spiny frogs, neutral 3 blink frogs, a
friendly oklob plant and a friendly oklob sapling.

Vanquished Creatures (collateral kills)
  A phantom (Zot)
  Edmund (Zot)
  A centaur skeleton (Zot)
  A giant eyeball (Zot)
  2 giant geckos (Zot)
  5 goblins (Zot)
  A hobgoblin (Zot)
  4 kobolds (Zot)
  A quokka (Zot)
  A ball python (Zot)
  A bat (Zot)
  A giant newt (Zot)
  A rat (Zot)
21 creatures vanquished.

Vanquished Creatures (others)
  2 spiny frogs (Zot)
  2 giant frogs (Zot)
  An oklob sapling (Zot)
  A gnoll shaman (Zot)
  2 gnolls (Zot)
  2 giant eyeballs (Zot)
  A giant gecko (Zot)
  An ooze (Zot)
  4 orcs (Zot)
  4 ball pythons (Zot)
  A giant cockroach (Zot)
  15 goblins (Zot)
  6 hobgoblins (Zot)
  A jackal (Zot)
  9 kobolds (Zot)
  5 bats (Zot)
  A giant newt (Zot)
  2 quokkas (Zot)
  10 rats (Zot)
  5 plants (Zot)
75 creatures vanquished.

Grand Total: 96 creatures vanquished

Notes
Turn   | Place    | Note
--------------------------------------------------------------
     0 | Zot      | Adamkad1, the Deep Dwarf Healer, began the quest for the Orb.
     0 | Zot      | Reached XP level 1. HP: 19/19 MP: 2/2
   232 | Zot      | Reached skill level 5 in Invocations
   258 | Zot      | Noticed Klunwiusm
   265 | Zot      | Reached XP level 2. HP: 15/26 MP: 0/4
   269 | Zot      | Pacified Klunwiusm the hound
   269 | Zot      | Reached skill level 6 in Invocations
   269 | Zot      | Reached XP level 3. HP: 18/32 MP: 1/7
   361 | Zot      | Reached skill level 7 in Invocations
   371 | Zot      | Reached XP level 4. HP: 21/39 MP: 1/9
   489 | Zot      | Noticed Ymikokh
   560 | Zot      | Noticed Zomuovyepo
   563 | Zot      | Reached skill level 8 in Invocations
   568 | Zot      | Pacified Zomuovyepo the wyvern
   568 | Zot      | Reached skill level 9 in Invocations
   568 | Zot      | Reached XP level 5. HP: 18/46 MP: 10/13
   568 | Zot      | Reached XP level 6. HP: 21/54 MP: 12/16
   568 | Zot      | HP: 2/54 [acid (19)]
   583 | Zot      | Killed Ymikokh the phantom
   583 | Zot      | Reached skill level 10 in Invocations
   664 | Zot      | Acquired Elyvilon's third power
   819 | Zot      | Reached XP level 7. HP: 46/60 MP: 19/19
   875 | Zot      | Reached skill level 11 in Invocations
   888 | Zot      | Noticed Edmund
   980 | Zot      | Killed Edmund
   991 | Zot      | Paralysed by a giant eyeball for 3 turns
  1011 | Zot      | Paralysed by a giant eyeball for 4 turns
  1015 | Zot      | Noticed a blink frog
  1017 | Zot      | Pacified a blink frog
  1017 | Zot      | Reached skill level 12 in Invocations
  1017 | Zot      | Reached XP level 8. HP: 54/67 MP: 6/22
  1025 | Zot      | Paralysed by a giant eyeball for 2 turns
  1030 | Zot      | Noticed a spiny frog
  1031 | Zot      | Paralysed by a giant eyeball for 2 turns
  1034 | Zot      | Pacified a spiny frog
  1034 | Zot      | Reached skill level 13 in Invocations
  1034 | Zot      | Reached skill level 1 in Evocations
  1038 | Zot      | Killed a spiny frog
  1043 | Zot      | Noticed a spiny frog
  1045 | Zot      | Killed a spiny frog
  1045 | Zot      | Reached skill level 14 in Invocations
  1046 | Zot      | Pacified a spiny frog
  1046 | Zot      | Gained mutation: You passively map the area around you. [level up]
  1046 | Zot      | Reached XP level 9. HP: 58/73 MP: 4/25
  1050 | Zot      | Noticed a spiny frog
  1051 | Zot      | Noticed a blink frog
  1052 | Zot      | Noticed a spiny frog
  1053 | Zot      | Noticed a blink frog
  1053 | Zot      | Pacified a spiny frog
  1053 | Zot      | Reached skill level 15 in Invocations
  1054 | Zot      | Pacified a spiny frog
  1055 | Zot      | Pacified a blink frog
  1056 | Zot      | Pacified a blink frog
  1056 | Zot      | Reached skill level 16 in Invocations
  1057 | Zot      | Mangled by a blink frog

Action                   |  1- 3 |  4- 6 |  7- 9 || total
-------------------------+-------+-------+-------++-------
Invok: Lesser Healing    |    15 |    46 |    60 ||   121
       Greater Healing   |       |       |     5 ||     5
       Lesser Self-Heali |       |       |     2 ||     2
 Abil: Make oklob saplin |     1 |     1 |       ||     2
       Make plant        |       |     5 |     2 ||     7
       Make dart trap    |       |     4 |       ||     4
       Make oklob plant  |       |       |     1 ||     1
Evoke: Wand              |     1 |     3 |       ||     4
  Use: Potion            |       |     1 |     2 ||     3
